 Dungeon Crawl Stone Soup version 0.27-b1-2-g8387495791 (webtiles) character file.

Game seed: 17216410317331479839

33 MelonSoda the Digger (level 3, 0/19 HPs)
             Began as a Gargoyle Earth Elementalist on July 26, 2021.
             Was a Follower of the Shining One.
             Hit by a goblin thrown by Robin (2 damage)
             ... on level 2 of the Dungeon.
             The game lasted 00:10:12 (1016 turns).

MelonSoda the Digger (Gargoyle Earth Elementalist)  Turns: 1016, Time: 00:10:12

Health: 0/19       AC:  7    Str: 11    XL:     3   Next: 29%
Magic:  1/6        EV: 11    Int: 16    God:    the Shining One [*.....]
Gold:   41         SH:  0    Dex: 10    Spells: 5/6 levels left

rFire    . . .     SeeInvis .   i - +1 dagger (speed)
rCold    . . .     Faith    .   (no shield)
rNeg     + . .     Spirit   .   b - +2 robe
rPois    ∞         Reflect  .   (no helmet)
rElec    +         Harm     .   (no cloak)
rCorr    .         Rampage  .   (no gloves)
Will     .....                  (no boots)
Stlth    +.........             (no amulet)
HPRegen  0.06/turn              (no ring)
MPRegen  0.10/turn              (no ring)

@: glowing
A: sickness immunity, AC +3, negative energy resistance 1, electricity
resistance, torment resistance 1, petrification resistance
a: Renounce Religion


You were on level 2 of the Dungeon.
You worshipped the Shining One.
The Shining One was aware of your devotion.
You visited 1 branch of the dungeon, and saw 2 of its levels.

You collected 41 gold pieces.

Inventory:

Hand Weapons
 i - a +1 dagger of speed (weapon)
Missiles
 c - 23 stones (quivered)
Armour
 b - a +2 robe (worn)
Scrolls
 d - a scroll of identify {unknown}
Potions
 a - a potion of flight
 e - 2 potions of brilliance {unknown}
 f - a potion of ambrosia {unknown}
 g - a potion of cancellation {unknown}
 h - a potion of resistance {unknown}


   Skills:
 - Level 1.5 Dodging
 + Level 3.2 Stealth
 - Level 2.0 Spellcasting
 - Level 0.7 Transmutations
 + Level 4.6 Earth Magic


You had 5 spell levels left.
You knew the following spells:

 Your Spells              Type           Power      Damage    Failure   Level
a - Sandblast             Erth           32%        2d9       3%          1

Your spell library contained the following spells:

 Spells                   Type           Power      Damage    Failure   Level
 Passwall                 Tmut/Erth      8%         N/A       11%         2
 Stone Arrow              Conj/Erth      16%        3d8       24%         3
 Petrify                  Tmut/Erth      10%        N/A       56%         4


Dungeon Overview and Level Annotations

Branches:
Dungeon (2/15)

Altars:
The Shining One

Annotations:
D:2 Robin


Innate Abilities, Weirdness & Mutations

You are immune to sickness and miasma.
Your stone body is resilient. (AC +3)
You are immune to poison.
You resist negative energy. (rN+)
You are resistant to electric shocks. (rElec)
You are resistant to unholy torment.
You are immune to petrification.


Message History

Aim: Robin, wielding a +0 falchion, wearing a +0 animal skin and wearing a +0 helmet (85% to hit)
The blast of sand misses the hobgoblin.
The blast of sand hits the hobgoblin.
The hobgoblin is severely wounded.
c - 26 stones The goblin hits you but does no damage. x2; The hobgoblin closely misses you.
Casting: Sandblast (safe; 3% risk of failure)
Confirm with . or Enter, or press ? or * to list all spells.
Aiming: Sandblast (safe; 3% risk of failure)
Press: ? - help, Shift-Dir - straight line, f/p - Robin
Aim: Robin, wielding a +0 falchion, wearing a +0 animal skin and wearing a +0 helmet (85% to hit)
The blast of sand hits the hobgoblin!
You kill the hobgoblin!
c - 25 stones The goblin barely misses you.
The goblin closely misses you.
Robin roars a battlecry!
The goblins go into a battle-frenzy!
You hit the hobgoblin but do no damage.
The hobgoblin is severely wounded.
The goblin hits you with a +0 club.
* * * LOW HITPOINT WARNING * * *
The goblin misses you. The hobgoblin closely misses you.
Casting: Sandblast (safe; 3% risk of failure)
Confirm with . or Enter, or press ? or * to list all spells.
Aiming: Sandblast (safe; 3% risk of failure)
Press: ? - help, Shift-Dir - straight line, f/p - Robin
Aim: Robin, wielding a +0 falchion, wearing a +0 animal skin and wearing a +0 helmet (85% to hit)
The blast of sand hits the hobgoblin.
You kill the hobgoblin!
c - 24 stones Robin throws the goblin at you!
The goblin hits you but does no damage. x3
Casting: Sandblast (safe; 3% risk of failure)
Confirm with . or Enter, or press ? or * to list all spells.
Aiming: Sandblast (safe; 3% risk of failure)
Press: ? - help, Shift-Dir - straight line, f/p - Robin
Aim: Robin, wielding a +0 falchion, wearing a +0 animal skin and wearing a +0 helmet (85% to hit)
The blast of sand hits the goblin!
You kill the goblin!
c - 23 stones Robin throws the goblin at you!
You die...

##########
#..#.#..g#
###.g#.###@#
#.g..#...gg#
#.##...##g.g..[...
###....#...g.###.###
#....g###....#
#.###..#..##.# #.#
##...###.# #.# ##.##
#.# #.# #.# #.#


You could see Robin, a hobgoblin (strong) and 4 goblins.

Vanquished Creatures
  An adder skeleton (D:2)
  3 ball pythons
  A bat (D:1)
  4 endoplasms (D:1)
  A giant cockroach (D:1)
  4 goblins (D:2)
  5 hobgoblins
  2 kobolds (D:1)
  A quokka (D:2)
  4 rats
26 creatures vanquished.

Notes
Turn   | Place    | Note
-------+----------+-------------------------------------------
     0 | D:1      | MelonSoda the Gargoyle Earth Elementalist began the quest
                  | for the Orb.
     0 | D:1      | Reached XP level 1. HP: 10/10 MP: 3/3
   136 | D:1      | Reached skill level 4 in Earth Magic
   187 | D:1      | Found a faded altar of an unknown god.
   197 | D:1      | Reached XP level 2. HP: 15/15 MP: 3/5
   201 | D:1      | Became a worshipper of the Shining One
   201 | D:1      | Reached * piety under the Shining One
   937 | D:2      | Reached XP level 3. HP: 19/19 MP: 3/6
   950 | D:2      | Noticed Robin
  1016 | D:2      | Hit by a goblin thrown by Robin

Illustrated notes

Levels and vault maps discovered:
D:1:      psy_arrival_whirlpool, layout_basic, chequers_ecumenical_altar_island
D:2:      layout_loops_ring, uniq_jessica, uniq_robin, uniq_crazy_yiuf_cottage,
          uniq_natasha

Skill      XL: |  1  2 |
---------------+-------+-----
Earth Magic    | 4 |  4.6
Stealth        | 3 |  3.2
Dodging        | |  1.5
Spellcasting   | |  2.0
Transmutations | |  0.7

Action                   || total
-------------------------++-------
Melee: Unarmed           ||     8
       Dagger            ||    23
 Cast: Sandblast         ||    29
  Use: Potion            ||     1
       Scroll            ||     2
Armor: Robe              ||    29
Dodge: Dodged            ||    37
